 Dungeon Crawl Stone Soup version 0.22-a0-377-g846bec1 (webtiles) character file.

60750 JeffiDaFish the Reanimator (level 14, -22/115 HPs)
             Began as a Red Draconian Necromancer on Apr 27, 2018.
             Was a High Priest of Sif Muna.
             Annihilated by a white ugly thing (24 damage)
             ... on level 14 of the Dungeon on Apr 28, 2018.
             The game lasted 01:27:16 (31518 turns).

JeffiDaFish the Reanimator (DrNe)                  Turns: 31518, Time: 01:27:16

Health: -22/115    AC: 15    Str: 18    XL:     14   Next: 58%
Magic:  0/31       EV: 16    Int: 21    God:    Sif Muna [*****.]
Gold:   1171       SH:  7    Dex: 16    Spells: 2/39 levels left

rFire    + . .     SeeInvis .   w - +11 falchion "Peeraum" {flame, MR+ Int+2 Dex+4}
rCold    . . .     Gourm    .   m - +2 buckler
rNeg     . . .     Faith    .   (armour unavailable)
rPois    .         Spirit   .   r - +2 hat
rElec    .         Reflect  .   D - +0 cloak
rCorr    .         Harm     .   s - +0 pair of gloves
MR       +++..                  x - +2 pair of boots {Fly}
Stlth    ++........             (no amulet)
HPRegen  0.29/turn              C - +6 ring of strength
MPRegen  0.22/turn              y - +5 ring of slaying

@: death channel, flying, slowed, no casting, very slow
A: breathe fire, unfitting armour, stinger 1, fire resistance 1, magic
resistance 1, cold-blooded, MP-powered wands, AC +8
a: Breathe Fire, Stop Divine Energy, Channel Magic, Forget Spell, Renounce
Religion, Stop Flying


You were on level 14 of the Dungeon.
You worshipped Sif Muna.
Sif Muna was extremely pleased with you.
You were hungry.

You visited 3 branches of the dungeon, and saw 21 of its levels.
You also visited: Sewer, Bailey and Ice Cave.

You collected 1693 gold pieces.
You spent 522 gold pieces at shops.

Inventory:

Hand Weapons
 w - the +11 falchion "Peeraum" (weapon) {flame, MR+ Int+2 Dex+4}
   (You found it on level 6 of the Dungeon)

   It has been specially enchanted to burn those struck by it, causing extra
   injury to most foes and up to half again as much damage against particularly
   susceptible opponents.
   Big, fiery blades are also staple armaments of hydra-hunters.
   It affects your intelligence (+2).
   It affects your dexterity (+4).
   It affects your resistance to hostile enchantments.
Armour
 m - a +2 buckler (worn)
 r - a +2 hat (worn)
 s - a +0 pair of gloves (worn)
 x - a +2 pair of boots of flying (worn)
 D - a +0 cloak (worn)
Jewellery
 h - an uncursed ring of positive energy
 o - an uncursed ring of protection from fire
 q - an uncursed ring of magical power
 v - an uncursed ring of see invisible
 y - a +5 ring of slaying (right hand)
 C - a +6 ring of strength (left hand)
Wands
 z - a wand of iceblast (20)
Scrolls
 a - a scroll of fear {unknown}
 d - 13 scrolls of remove curse
 g - 4 scrolls of amnesia
 j - 5 scrolls of magic mapping
 p - 10 scrolls of identify
 t - a scroll of blinking
 A - 2 scrolls of enchant weapon
Potions
 c - a potion of berserk rage
 e - a potion of cancellation
 f - 2 potions of magic
 i - 13 potions of curing
 k - 4 potions of heal wounds
 l - 3 potions of agility
 n - 4 potions of brilliance
 u - a potion of mutation
Comestibles
 b - 38 rations
 B - 11 chunks of flesh


   Skills:
 - Level 8.2 Fighting
   Level 0.2(3.9) Short Blades
 - Level 6.3 Long Blades
 - Level 6.1 Dodging
 - Level 1.7 Stealth
 - Level 4.0 Shields
 * Level 13.4 Spellcasting
 + Level 4.7 Conjurations
 - Level 7.6 Charms
 * Level 14.4 Necromancy
 - Level 4.1 Fire Magic


You had 2 spell levels left.
You knew the following spells:

 Your Spells              Type           Power        Failure   Level  Hunger
a - Pain                  Necr           ####         0%          1    None
b - Vampiric Draining     Necr           ######....   1%          3    None
c - Regeneration          Chrm/Necr      ######....   1%          3    None
d - Animate Dead          Necr           N/A          1%          4    None
e - Agony                 Necr           ######..     1%          5    ###....
f - Dispel Undead         Necr           ######..     1%          5    ###....
g - Borgnjor's Vile Clut  Necr/Erth      #####.....   7%          5    ###....
h - Bolt of Magma         Conj/Fire/Erth ####......   36%         5    ###....
i - Death Channel         Necr           ######....   1%          6    #####..


Dungeon Overview and Level Annotations

Branches:
Dungeon (14/15)            Temple (1/1) D:7            Lair (6/6) D:9
  Swamp (0/4) Lair:2       Spider (0/4) Lair:4        Slime (0/5) Lair:5
    Orc (0/2) D:11         Vaults (0/5) D:13

Altars:
Ashenzari
Cheibriados
Dithmenos
Elyvilon
Fedhas
Gozag
Hepliaklqana
Kikubaaqudgha
Makhleb
Nemelex Xobeh
Okawaru
Qazlal
Ru
Sif Muna
Trog
Uskayaw
Vehumet
Wu Jian
Xom
Yredelemnul
Zin
The Shining One

Shops:
D:8 ?   D:11 [

Annotations:
D:14 Joseph
Lair:2 exclusion: 3 oklob plants


Innate Abilities, Weirdness & Mutations

You can breathe blasts of fire.
Your fiery red scales are hard. (AC +8)
You cannot fit into any form of body armour.
Your flesh is heat resistant. (rF+)
You are cold-blooded and may be slowed by cold attacks.
Your tail ends in a poisonous barb.
You are resistant to hostile enchantments. (MR+)
You expend magic power (3 MP) to strengthen your wands.


Message History

The zombie hands constrict the red ugly thing.
The zombie hands constrict the white ugly thing.
Your soldier ant zombie hits the white ugly thing!
The white ugly thing gores your soldier ant zombie.
The white ugly thing freezes your soldier ant zombie.
Your soldier ant zombie resists.
Your spectral ugly thing hits Joseph!
The white ugly thing struggles to escape constriction.
Your spectral ugly thing hits the white ugly thing!
The white ugly thing dies!
Sif Muna accepts your kill.
A glowing mist starts to gather...
Joseph hits your spectral ugly thing with a quarterstaff.
The red ugly thing closely misses you.
You riposte.
You slash the red ugly thing! You burn the red ugly thing.
The red ugly thing is almost dead.
The white ugly thing gores you!
* * * LOW HITPOINT WARNING * * *
The white ugly thing freezes you!!
You feel yourself slow down.
You die...

.. .# .. # .######..
.(....... ######
#)....(.)
..####....###.(..(.)(
.......).@u.†@Z....(.
..........uZZu(.).((.
...........Z...(.....
#.##.##..<##...)..)..
# #. #...###....(...
...........(....).
........?#..$.....#
..........##########
..####...##


You could see 3 ugly things, Joseph, 3 friendly spectral ugly things and a
friendly soldier ant zombie.

Vanquished Creatures
  The ghost of IvanTheLlama the Carver, a journeyman HOFi of Makhleb (Lair:6)
  An ice dragon (Lair:6)
  7 hydras
  A vault guard (D:13)
  2 two-headed ogres
  2 centaur warriors (D:13)
  8 death yaks (Lair:5)
  2 orc high priests (Bailey)
  2 unseen horrors
  A lindwurm (Lair:6)
  A wizard (D:9)
  An orb spider (Lair:4)
  3 deep elf magi (D:13)
  4 ugly things
  6 black mambas
  2 centaur zombies (D:12)
  3 torpor snails (Lair:6)
  4 spiny frogs
  An eye of devastation (shapeshifter) (D:9)
  3 gargoyles
  3 centaur skeletons
  A rime drake (Lair:1)
  An efreet (D:9)
  2 komodo dragons (Lair:6)
  2 ice devils (IceCv)
  A kobold demonologist (D:12)
  2 trolls
  9 polar bears (Lair:6)
  6 hornets (Lair:6)
  2 tyrant leeches (Lair:6)
  2 raiju (Lair:6)
  6 slime creatures
  9 hippogriffs
  10 blink frogs
  9 dream sheep
  A centaur simulacrum (D:14)
  A vampire (D:13)
  The ghost of Lich the Covert, an amateur VSAs of Dithmenos (D:6)
  25 yaks
  3 wraiths
  A wyvern (Lair:2)
  A basilisk (Lair:6)
  A steam dragon (D:10)
  4 wargs (Lair:6)
  A soldier ant (D:14)
  15 hell hounds (Lair:6)
  3 porcupines
  10 water moccasins
  4 orc warriors
  10 ice beasts
  8 black bears
  2 sky beasts
  An eye of draining (D:10)
  A hornet zombie (D:8)
  2 necrophages
  10 ogres
  16 wolves
  2 phantoms
  3 centaurs
  13 crocodiles
  10 bullfrogs
  4 big kobolds
  A wyvern zombie (D:13)
  2 scorpions
  A water moccasin skeleton (D:8)
  8 killer bees
  2 electric eels
  3 howler monkeys (D:8)
  3 crimson imps
  A bullfrog zombie (D:11)
  3 jellies
  A quasit (D:9)
  6 orc priests
  2 gnoll shamans
  3 hounds
  2 bullfrog skeletons
  Terence (D:3)
  5 iguanas
  11 orc wizards
  8 worker ants
  A killer bee zombie (D:5)
  2 hound zombies
  A hound skeleton (D:5)
  A worker ant zombie (D:8)
  15 gnolls
  19 adders
  A howler monkey skeleton (D:10)
  6 river rats
  5 shadow imps
  4 oozes
  An adder zombie (D:8)
  An adder skeleton (D:4)
  4 worms
  6 leopard geckos
  40 orcs
  8 ball pythons
  14 giant cockroaches
  11 goblins
  7 hobgoblins
  25 jackals
  37 kobolds
  3 quokkas
  6 bats
  11 frilled lizards
  A jackal skeleton (D:5)
  A quokka skeleton (D:5)
  24 rats
  A fungus (Lair:6)
  2 plants (Lair:6)
594 creatures vanquished.

Vanquished Creatures (collateral kills)
  A hydra (D:12)
  A two-headed ogre (D:12)
  A death yak (Lair:5)
  A deep elf mage (D:12)
  An ugly thing (D:14)
  A spiny frog (Lair:6)
  A rime drake (Lair:2)
  A troll (D:12)
  A polar bear (Lair:6)
  A hornet (Lair:6)
  3 slime creatures
  A yak (D:12)
  A basilisk (D:12)
  A hungry ghost (D:12)
  A water moccasin (Lair:6)
  5 black bears (Lair:6)
  An ogre (D:7)
  A killer bee (D:11)
  A worker ant (D:6)
  2 adders
  A leopard gecko (D:7)
  A kobold (Sewer)
  2 fungi (Lair:6)
31 creatures vanquished.

Vanquished Creatures (others)
  A crimson imp (D:12)
  An adder (D:12)
  7 fungi
  28 plants
37 creatures vanquished.

Grand Total: 662 creatures vanquished

Notes
Turn   | Place    | Note
-------+----------+-------------------------------------------
     0 | D:1      | JeffiDaFish the Draconian Necromancer began the quest for the Orb.
     0 | D:1      | Reached XP level 1. HP: 14/14 MP: 3/3
   555 | D:1      | Reached XP level 2. HP: 20/20 MP: 3/5
  1230 | D:1      | Reached XP level 3. HP: 25/26 MP: 3/6
  1566 | D:1      | Learned a level 3 spell: Vampiric Draining
  2329 | D:2      | Reached XP level 4. HP: 31/33 MP: 4/8
  2371 | D:2      | HP: 1/33 [gnoll/flail (7)]
  2791 | D:2      | Reached skill level 5 in Necromancy
  2818 | D:2      | Gained mutation: Your tail ends in a poisonous barb. [potion of mutation]
  2818 | D:2      | Gained mutation: You expend magic power (3 MP) to strengthen your wands. [potion of mutation]
  2818 | D:2      | Gained mutation: You are resistant to hostile enchantments. (MR+) [potion of mutation]
  3059 | D:2      | Reached XP level 5. HP: 37/39 MP: 1/10
  3499 | D:3      | Found a glowing drain.
  3513 | D:3      | Reached skill level 1 in Fighting
  3539 | Sewer    | Entered a sewer
  4260 | Sewer    | Reached XP level 6. HP: 37/48 MP: 2/12
  4336 | Sewer    | Learned a level 3 spell: Regeneration
  4341 | Sewer    | Learned a level 4 spell: Animate Dead
  5005 | D:3      | Noticed Terence
  5014 | D:3      | Killed Terence
  6189 | D:4      | Reached skill level 6 in Necromancy
  6189 | D:4      | Your scales start taking on a fiery red colour.
  6189 | D:4      | Reached XP level 7. HP: 46/57 MP: 2/13
  6189 | D:4      | Gained mutation: Your flesh is heat resistant. (rF+) [Red Draconian growth]
  6632 | D:4      | Reached skill level 1 in Charms
  7008 | D:5      | Entered Level 5 of the Dungeon
  7226 | D:5      | Reached skill level 5 in Spellcasting
  7964 | D:6      | Noticed Lich's ghost (amateur VSAs)
  7977 | D:6      | Killed Lich's ghost
  7977 | D:6      | Reached XP level 8. HP: 59/66 MP: 2/16
  8286 | D:6      | Reached skill level 7 in Necromancy
  8743 | D:6      | Identified the +11 falchion "Peeraum" {flame, MR+ Int+2 Dex+4} (You found it on level 6 of the Dungeon)
  9126 | D:7      | Reached XP level 9. HP: 64/73 MP: 0/18
  9297 | D:7      | Found a staircase to the Ecumenical Temple.
  9358 | D:7      | Found a flagged portal.
  9368 | Bailey   | Entered a bailey
  9411 | Bailey   | Found an iron altar of Okawaru.
  9411 | Bailey   | Noticed an orc high priest
  9412 | Bailey   | Noticed an orc high priest
  9422 | Bailey   | Noticed a soul eater
  9422 | Bailey   | Noticed an orange demon
  9425 | Bailey   | Noticed a red devil
  9425 | Bailey   | Killed an orc high priest
  9425 | Bailey   | Reached skill level 5 in Fighting
  9425 | Bailey   | Reached skill level 8 in Necromancy
  9427 | Bailey   | Noticed an orc knight
  9431 | Bailey   | Killed an orc high priest
  9804 | Temple   | Entered the Ecumenical Temple
  9909 | Temple   | Became a worshipper of Sif Muna the Loreminder
 10690 | D:8      | Found Serch's Magic Scroll Emporium.
 10700 | D:8      | Bought a scroll of teleportation for 48 gold pieces
 10700 | D:8      | Bought a scroll of blinking for 120 gold pieces
 10700 | D:8      | Bought a scroll of identify for 32 gold pieces
 10723 | D:8      | Reached skill level 9 in Necromancy
 10776 | D:8      | Reached XP level 10. HP: 79/83 MP: 12/21
 11221 | D:9      | Found a staircase to the Lair.
 11385 | D:9      | Found a stormy altar of Qazlal.
 11385 | D:9      | Found a glowing golden altar of the Shining One.
 11396 | D:9      | Reached * piety under Sif Muna
 11396 | D:9      | Reached skill level 5 in Dodging
 12176 | D:9      | Noticed an eye of devastation
 12191 | D:9      | Killed an eye of devastation
 12191 | D:9      | Reached ** piety under Sif Muna
 12248 | D:9      | Noticed a wizard
 12256 | D:9      | Killed a wizard
 12256 | D:9      | Reached skill level 10 in Necromancy
 12579 | D:9      | Reached skill level 5 in Charms
 13069 | D:10     | Entered Level 10 of the Dungeon
 13315 | D:10     | Killed an unseen horror
 13315 | D:10     | Reached XP level 11. HP: 36/88 MP: 11/24
 13532 | D:10     | Reached skill level 1 in Shields
 13902 | D:10     | Reached *** piety under Sif Muna
 13902 | D:10     | Reached skill level 1 in Long Blades
 15499 | Lair:1   | Entered Level 1 of the Lair of Beasts
 15499 | Lair:1   | Found a frozen archway.
 15803 | IceCv    | Entered an ice cave
 17641 | Lair:2   | Noticed an eight-headed hydra
 17650 | Lair:2   | Killed a six-headed hydra
 17650 | Lair:2   | Reached skill level 11 in Necromancy
 18228 | Lair:2   | Found a staircase to the Swamp.
 18443 | Lair:2   | Noticed an oklob plant
 18443 | Lair:2   | Noticed an oklob plant
 18443 | Lair:2   | Noticed an oklob plant
 18885 | Lair:2   | Reached **** piety under Sif Muna
 18885 | Lair:2   | Reached skill level 10 in Spellcasting
 19447 | Lair:3   | Noticed a four-headed hydra
 19453 | Lair:3   | Killed a one-headed hydra
 19453 | Lair:3   | Reached XP level 12. HP: 69/100 MP: 22/26
 19486 | Lair:3   | Noticed a seven-headed hydra
 19497 | Lair:3   | Killed a two-headed hydra
 20099 | Lair:4   | Noticed an eight-headed hydra
 20118 | Lair:4   | Killed a five-headed hydra
 20689 | Lair:4   | Found a hole to the Spider Nest.
 21969 | Lair:5   | Noticed a six-headed hydra
 21989 | Lair:4   | Reached ***** piety under Sif Muna
 22157 | Lair:4   | You fall through a shaft for 2 floors!
 22157 | Lair:6   | Entered Level 6 of the Lair of Beasts
 22194 | Lair:6   | Noticed IvanTheLlama's ghost (journeyman HOFi)
 22265 | Lair:6   | Identified Nairof's Collected Works on Doomed Orientation (Sif Muna gifted it to you on level 6 of the Lair of Beasts)
 22265 | Lair:6   | Received a gift from Sif Muna
 22284 | Lair:6   | Learned a level 5 spell: Agony
 22290 | Lair:6   | Learned a level 5 spell: Dispel Undead
 22316 | Lair:6   | Killed IvanTheLlama's ghost
 22316 | Lair:6   | Reached skill level 5 in Long Blades
 22447 | Lair:6   | Reached skill level 12 in Necromancy
 22654 | Lair:5   | Noticed a death yak
 22662 | Lair:5   | Killed a death yak
 22846 | Lair:5   | Noticed a death yak
 22848 | Lair:5   | Noticed a death yak
 22880 | Lair:5   | Killed a death yak
 22888 | Lair:5   | Killed a death yak
 23165 | Lair:5   | Killed a four-headed hydra
 23165 | Lair:5   | Reached XP level 13. HP: 68/107 MP: 7/28
 23834 | Lair:5   | Found a staircase to the Slime Pits.
 25244 | Lair:6   | Received a gift from Sif Muna
 25458 | Lair:6   | Learned a level 5 spell: Borgnjor's Vile Clutch
 25464 | Lair:6   | Learned a level 5 spell: Bolt of Magma
 25485 | Lair:6   | Reached skill level 13 in Necromancy
 25500 | Lair:6   | Reached skill level 1 in Fire Magic
 25746 | Lair:6   | Reached skill level 1 in Conjurations
 26748 | Lair:6   | Found a runed door.
 26814 | Lair:6   | Paralysed by a hornet for 2 turns
 27293 | Lair:6   | Paralysed by a hornet for 3 turns
 28735 | D:11     | Reached XP level 14. HP: 111/115 MP: 6/30
 29162 | D:11     | Found Vivogg's Armour Boutique.
 29169 | D:11     | Found a staircase to the Orcish Mines.
 29201 | D:11     | Bought a +2 pair of boots of flying for 322 gold pieces
 29426 | D:12     | Identified Jaer's Handbook of the Rocks and Talismans (Sif Muna gifted it to you on level 12 of the Dungeon)
 29426 | D:12     | Received a gift from Sif Muna
 29551 | D:11     | Learned a level 6 spell: Death Channel
 30307 | D:12     | Got a faintly glowing turquoise ring
 30328 | D:12     | Identified the ring "Kirghyoc" {rPois rN+ Int-3 Stlth-} (You found it on level 12 of the Dungeon)
 30524 | D:12     | Reached skill level 14 in Necromancy
 30558 | D:13     | Found a gate to the Vaults.
 30785 | D:13     | Found a basalt altar of Yredelemnul.
 31504 | D:14     | Noticed Joseph
 31518 | D:14     | HP: 2/115 [white ugly thing (11)]
 31518 | D:14     | Annihilated by a white ugly thing

Vault maps used:
D:1:      dpeg_arrival_lava_temple_mockup, kennysheep_nondescript,
          minmay_stone_trees_small
D:3:      portal_sewer_entry_a, uniq_terence
D:4:      first_ration
D:5:      nrook_mini_backslash
D:7:      temple_hall, enter_bailey_2, grunt_ogre_cave
D:8:      serial_shops, nicolae_shop_crystal, hangedman_abyss_or_decor_stagger,
          minmay_strange_pillars
D:9:      grunt_temple_overflow_open, lair_entry_dummy, minmay_evil_grid
D:10:     grunt_ministairs_4
D:11:     orc_david_3
D:13:     david_vaults_5, basic_altar, roderic_serpentine_path
D:14:     kennysheep_another_room, minmay_sticks_and_stones, uniq_roxanne
Temple:   regret_index_temple_chain_breaker
Lair:1:   portal_ice_cave_entry_ice_beasts
Lair:2:   swamp_mist, serial_bayou_shore_a, minmay_lair_oklob_chamber
Lair:4:   nicolae_spider_entry_orb_guardian, serial_bayou_lagoon_a,
          minivault_24, serial_bayou_shore_b, infiniplex_staircase_pool
Lair:5:   dpeg_slime_entry_corner
Lair:6:   wormcave, hangedman_lair_caniforms_friends, lab_entry_generic
Sewer:    sewer_minmay_treatment
Bailey:   bailey_axe_of_yendor_kennysheep, bailey
IceCv:    ice_cave_tombish

Skill      XL: |  1  2  3  4  5  6  7  8  9 10 11 12 13 14 |
---------------+-------------------------------------------+-----
Dodging        | 2 3 4 5 6 |  6.1
Spellcasting   | 3 4 5 6 7 9 10 11 12 13 | 13.4
Necromancy     | 5 6 7 9 10 11 12 13 14 | 14.4
Fighting       | 2 3 4 6 7 8 |  8.2
Charms         | 1 2 4 5 6 7 |  7.6
Shields        | 4 |  4.0
Long Blades    | 3 5 6 |  6.3
Fire Magic     | 3 4 |  4.1
Conjurations   | 2 4 |  4.7
Short Blades   | |  0.2
Stealth        | |  1.7

Action                   |  1- 3 |  4- 6 |  7- 9 | 10-12 | 13-15 || total
-------------------------+-------+-------+-------+-------+-------++-------
Melee: Unarmed           |     5 |       |       |       |       ||     5
       Dagger            |    19 |   140 |    95 |       |       ||   254
       Tailslap          |     3 |    10 |    19 |    57 |    61 ||   150
       Falchion          |       |       |    74 |   301 |   317 ||   692
 Cast: Pain              |    72 |   126 |   110 |   249 |    35 ||   592
       Vampiric Draining |     1 |    12 |    32 |    55 |    10 ||   110
       Animate Dead      |       |     3 |     8 |    15 |    20 ||    46
       Regeneration      |       |       |     3 |    13 |    13 ||    29
       Agony             |       |       |       |    19 |    91 ||   110
       Borgnjor's Vile C |       |       |       |       |    54 ||    54
       Dispel Undead     |       |       |       |       |     4 ||     4
       Death Channel     |       |       |       |       |     3 ||     3
Invok: Divine Energy     |       |       |       |     1 |       ||     1
 Abil: Breathe Fire      |       |       |     3 |     6 |     3 ||    12
  Use: Scroll            |     6 |     1 |     8 |     5 |     9 ||    29
       Potion            |     1 |     7 |     5 |     4 |     7 ||    24
 Stab: Sleeping          |       |       |     1 |     1 |       ||     2
       Distracted        |       |       |       |     2 |       ||     2
  Eat: Chunk             |     4 |    14 |    15 |    25 |    27 ||    85
       Ration            |       |       |     1 |     6 |     6 ||    13
Armor: Skin              |     5 |    72 |    80 |   122 |   100 ||   379
Dodge: Dodged            |    11 |   156 |   160 |   316 |   285 ||   928
Block: Buckler           |       |     8 |    42 |   109 |   142 ||   301
       Rpst.: Falchion   |       |       |    17 |    76 |    71 ||   164

Table legend:
 A = Spawn XP
 B = Non-spawn XP
 C = Spawn XP percentage of total XP
 D = Spawn monster count
 E = Non-spawn monster count
 F = Spawn count percentage of total count
 G = Total turns spent on level
                    A         B        C        D         E        F      G
               +---------+---------+-------+---------+---------+-------+---------
         Total |       0 |   86787 |   0.0 |       0 |     620 |   0.0 | 31518
               +---------+---------+-------+---------+---------+-------+---------
           D:1 |       0 |      51 |   0.0 |       0 |      25 |   0.0 |  1702
           D:2 |       0 |     170 |   0.0 |       0 |      35 |   0.0 |  1838
           D:3 |       0 |     145 |   0.0 |       0 |      28 |   0.0 |  1323
           D:4 |       0 |     443 |   0.0 |       0 |      27 |   0.0 |  1174
           D:5 |       0 |     121 |   0.0 |       0 |      13 |   0.0 |   867
           D:6 |       0 |     637 |   0.0 |       0 |      20 |   0.0 |   985
           D:7 |       0 |    1192 |   0.0 |       0 |      28 |   0.0 |  1194
           D:8 |       0 |    1174 |   0.0 |       0 |      27 |   0.0 |  1089
           D:9 |       0 |    4196 |   0.0 |       0 |      29 |   0.0 |  1923
          D:10 |       0 |    3405 |   0.0 |       0 |      33 |   0.0 |  2114
          D:11 |       0 |    4880 |   0.0 |       0 |      50 |   0.0 |   952
          D:12 |       0 |    7311 |   0.0 |       0 |      37 |   0.0 |   995
          D:13 |       0 |    8712 |   0.0 |       0 |      23 |   0.0 |   903
          D:14 |       0 |    1865 |   0.0 |       0 |       7 |   0.0 |    81
        Lair:1 |       0 |    2874 |   0.0 |       0 |      17 |   0.0 |  1259
        Lair:2 |       0 |    3943 |   0.0 |       0 |      16 |   0.0 |  1688
        Lair:3 |       0 |    3030 |   0.0 |       0 |       8 |   0.0 |  1123
        Lair:4 |       0 |    6227 |   0.0 |       0 |      25 |   0.0 |  1746
        Lair:5 |       0 |   10353 |   0.0 |       0 |      21 |   0.0 |  2225
        Lair:6 |       0 |   23513 |   0.0 |       0 |      94 |   0.0 |  4109
         Sewer |       0 |     256 |   0.0 |       0 |      48 |   0.0 |  1141
        Bailey |       0 |    1592 |   0.0 |       0 |       7 |   0.0 |    82
         IceCv |       0 |     697 |   0.0 |       0 |       2 |   0.0 |   871
               +---------+---------+-------+---------+---------+-------+---------
